AoeStats
← munozbwoy

Fortress

509367629Analyzed
2v2 RM · 6d ago on Sep 26, 2026· 58m 37s· 4 players
Game mode
Random Map
Map size
Normal (6 player)
Population
200
Speed
Normal
Resources
Standard
Victory
Conquest
Starting age
Dark Age
Ending age
Imperial Age
RankedLock teamsTeams togetherTeam positionsShared explorationLock speedFull tech treeHidden civsTurbo modeCheats
Victory
Defeat
🇬🇧 Turks · United Kingdom
837
+14
🇬🇧 Spanish · United Kingdom
824
+15
🇦🇷 Chinese · Argentina
863
-17
🇦🇷 Inca · Argentina
727
-12
stabmill
1:26 Loom
7:46 Feudal Age
8:43 Double-Bit Axe
14:05 Castle Age
11:58 Horse Collar
13:32 Gold Mining
15:43 Wheelbarrow
15:46 Bow Saw
15:40 Heavy Plow
16:18 Gold Shaft Mining
15:37 Stone Mining
15:40 Fletching
22:02 Town Watch
21:40 Crossbowman
21:43 Elite Skirmisher
22:53 Padded Archer Armor
24:12 Bodkin Arrow
26:11 Leather Archer Armor
27:44 Scale Mail Armor
30:41 Imperial Age
28:12 Town Patrol
29:50 Thumb Ring
31:40 Hand Cart
32:27 Two-Man Saw
32:08 Stone Shaft Mining
31:36 Bracer
32:06 Ring Archer Armor
31:52 Chain Mail Armor
32:00 Ballistics
32:40 Chemistry
31:36 Murder Holes
31:53 Masonry
31:18 Heavy Rocket Cart
33:27 Arbalester
34:20 Forging
34:26 Fortified Wall
38:11 Caravan
44:20 Rocketry
46:18 Conscription
46:52 Plate Mail Armor
48:22 Pikeman
49:40 Iron Casting
48:57 Halberdier
49:38 Squires
49:27 Arson
53:34 Blast Furnace
munozbwoy
0:30 Loom
7:32 Feudal Age
8:05 Double-Bit Axe
8:45 Horse Collar
14:17 Scale Mail Armor
14:28 Forging
14:09 Fletching
16:34 Castle Age
16:00 Gold Mining
17:03 Stone Mining
16:55 Champi Runner
17:49 Bow Saw
17:48 Heavy Plow
19:51 Gold Shaft Mining
19:50 Caravan
21:20 Champi Warrior
28:06 Chain Mail Armor
33:55 Imperial Age
34:59 Iron Casting
34:19 Bodkin Arrow
34:24 Padded Archer Armor
36:49 Elite Champi Warrior
38:32 Blast Furnace
38:03 Plate Mail Armor
37:29 Arson
38:35 Coinage
39:04 Guilds
41:04 Leather Archer Armor
45:59 Banking
45:48 Onager
51:40 Chemistry
50:37 Murder Holes
51:03 Ballistics
50:56 Masonry
50:27 Treadmill Crane
50:40 Heated Shot
51:26 Crop Rotation
51:31 Stone Shaft Mining
52:05 Bracer
GreenShell94
3:01 Loom
8:17 Feudal Age
10:32 Wheelbarrow
9:45 Double-Bit Axe
9:44 Horse Collar
9:57 Gold Mining
15:35 Castle Age
16:15 Fletching
16:28 Padded Archer Armor
17:37 Sipahi
17:49 Bloodlines
19:32 Heavy Plow
20:33 Bow Saw
23:22 Gold Shaft Mining
25:01 Bodkin Arrow
25:21 Leather Archer Armor
26:34 Thumb Ring
27:04 Ballistics
31:14 Imperial Age
31:42 Caravan
32:31 Bracer
34:39 Conscription
36:58 Heavy Cavalry Archer
42:04 Parthian Tactics
43:38 Scale Barding Armor
44:05 Ring Archer Armor
44:47 Husbandry
48:13 Forging
49:27 Artillery
LoneRanger1994
2:34 Loom
7:29 Feudal Age
7:50 Horse Collar
7:58 Double-Bit Axe
8:52 Gold Mining
12:40 Wheelbarrow
16:02 Castle Age
15:34 Bloodlines
16:46 Scale Barding Armor
16:53 Forging
16:48 Padded Archer Armor
18:04 Bow Saw
18:13 Light Cavalry
19:44 Stone Mining
20:28 Heavy Plow
22:48 Scale Barding Armor
22:55 Forging
23:37 Hand Cart
28:44 Imperial Age
27:46 Husbandry
28:29 Ballistics
29:50 Conscription
30:54 Elite Conquistador
32:18 Leather Archer Armor
33:52 Two-Man Saw
33:55 Ring Archer Armor
33:38 Town Watch
33:41 Hussar
37:05 Chemistry
39:30 Chain Barding Armor
40:08 Fortified Wall
39:55 Murder Holes
40:35 Caravan
41:31 Plate Barding Armor
47:34 Fletching
48:21 Iron Casting
Connection lost

Rejoining the realm…

Still unreachable

The connection could not be restored.

Session expired

The server has moved on; the page needs a fresh start.